Map: Fields of Death

Players

InspiraTion - Winner!

  • Race: Protoss Protoss

Grumm - Winner!

  • Race: Protoss Protoss
  • League: Gold

DarkKnight

  • Race: Protoss Protoss

Ertazul

  • Race: Terran Terran
  • League: Gold

VOD

Have the link to the VOD?

Description

Time

  • Played on: Feb. 11, 2016, 2:14 p.m.
  • Length: 13:15
Show
View Real Time Build Order
Export as new Build Order

InspiraTion Protoss - Winner!

Build Orders:  

Get SALT Encoding   

  12  0:01  Probe (Chrono Boost)  
  13  0:12  Probe (Chrono Boost)  
  14  0:18  Pylon  
  14  0:23  Probe (Chrono Boost)  
  15  0:37  Probe (Chrono Boost)  
  15  0:40  Gateway  
  16  0:47  Probe (Chrono Boost)  
  16  0:48  Assimilator  
  17  0:58  Probe (Chrono Boost)  
  18  1:06  Pylon  
  18  1:08  Probe (Chrono Boost)  
  19  1:14  Gateway  
  19  1:20  Probe (Chrono Boost)  
  20  1:27  Cybernetics Core  
  20  1:30  Probe (Chrono Boost)  
  21  1:41  Probe (Chrono Boost)  
  21  1:44  Assimilator  
  22  1:51  Probe (Chrono Boost)  
  23  2:03  Adept x2  
  23  2:06  Probe (Chrono Boost)  
  28  2:16  Probe (Chrono Boost)  
  29  2:28  Probe (Chrono Boost)  
  29  2:29  Nexus  
  30  2:39  Probe (Chrono Boost)  
  30  2:43  Pylon  
  31  2:55  Forge  
  31  2:56  Warp Gate  
  31  3:01  Mothership Core (Chrono Boost)  
  33  3:19  Probe (Chrono Boost)  
  34  3:30  Probe (Chrono Boost)  
  35  3:40  Probe (Chrono Boost)  
  34  3:45  Protoss Ground Weapons Level 1 (Chrono Boost)  
  32  3:51  Probe (Chrono Boost)  
  32  3:54  Gateway  
  34  3:55  Probe (Chrono Boost)  
  34  4:02  Probe (Chrono Boost)  
  35  4:06  Probe (Chrono Boost)  
  35  4:08  Robotics Facility  
  36  4:13  Probe (Chrono Boost)  
  37  4:20  Probe (Chrono Boost)  
  37  4:22  Assimilator  
  37  4:23  Sentry x2  
  42  4:27  Assimilator  
  42  4:29  Pylon  
  42  4:30  Pylon  
  42  4:33  Twilight Council  
  42  4:38  Gateway  
  42  4:39  Probe  
  42  4:40  Probe  
  44  4:51  Probe, Photon Cannon  
  45  4:56  Immortal (Chrono Boost)  
  49  5:01  Probe  
  49  5:03  Probe  
  51  5:07  Charge (Chrono Boost)  
  51  5:11  Zealot x3  
  51  5:13  Probe  
  58  5:15  Probe  
  59  5:26  Probe  
  59  5:27  Probe  
  61  5:31  Pylon  
  61  5:37  Immortal  
  61  5:38  Probe  
  61  5:39  Probe  
  61  5:41  Protoss Ground Weapons Level 2 (Chrono Boost)  
  67  5:50  Probe  
  67  5:52  Probe, Zealot  
  71  6:02  Probe  
  71  6:04  Probe  
  73  6:08  Zealot x2  
  77  6:44  Pylon  
  77  6:47  Pylon  
  77  6:48  Pylon  
  77  6:49  Pylon  
  77  7:02  Nexus  
  77  7:03  Immortal (Chrono Boost)  
  77  7:05  Assimilator x2  
  77  7:06  Zealot  
  77  7:07  Pylon, Zealot x3  
  89  7:14  Probe  
  89  7:15  Probe  
  91  7:23  Robotics Bay  
  91  7:26  Probe  
  91  7:27  Probe, Zealot  
  91  7:28  Zealot x3  
  101  7:39  Probe x2  
  103  7:48  Gateway  
  103  7:51  Probe x2  
  105  7:53  Stalker x2  
  109  7:59  Photon Cannon  
  109  8:00  Pylon, Protoss Ground Weapons Level 3  
  109  8:04  Photon Cannon  
  109  8:14  Colossus (Chrono Boost)  
  115  8:22  Probe  
  116  8:31  Probe  
  116  8:32  Probe  
  118  8:34  Probe  
  119  8:50  Robotics Facility  
  119  8:53  Probe  
  119  8:54  Probe x2  
  122  9:00  Colossus (Chrono Boost), Extended Thermal Lance (Chrono Boost)  
  128  9:05  Stalker  
  128  9:06  Stalker x3  
  136  9:12  Probe  
  136  9:13  Probe  
  136  9:14  Probe  
  139  9:23  Nexus  
  139  9:25  Probe  
  140  9:38  Probe  
  141  9:48  Pylon  
  141  9:50  Pylon  
  141  9:51  Pylon  
  141  9:54  Pylon  
  141  10:05  Pylon x2  
  141  10:06  Colossus (Chrono Boost), Probe  
  148  10:08  Colossus (Chrono Boost)  
  148  10:13  Zealot x3  
  148  10:14  Zealot x2  
  164  10:35  Protoss Ground Armor Level 1  
  164  10:36  Gateway  
  164  10:37  Gateway  
  164  10:39  Stalker x2  
  164  10:40  Gateway, Stalker x3  
  164  10:41  Gateway  
  174  10:47  Blink (Chrono Boost)  
  174  10:54  Probe  
  174  10:56  Probe x3  
  178  11:03  Templar Archives  
  178  11:04  Zealot x4  
  178  11:05  Zealot  
  132  11:50  Zealot  
  132  11:51  Zealot x4  
  132  11:53  Probe  
  143  11:54  Probe x3  
  143  11:57  Pylon  
  141  12:13  Zealot x6  
  152  12:32  Nexus  
Show
View Real Time Build Order
Export as new Build Order

Grumm Protoss - Winner!

Build Orders: Oracle Opening 

Get SALT Encoding   

  12  0:01  Probe (Chrono Boost)  
  13  0:11  Probe (Chrono Boost)  
  14  0:23  Pylon  
  14  0:25  Probe (Chrono Boost)  
  15  0:31  Assimilator  
  15  0:43  Gateway  
  15  0:44  Probe (Chrono Boost)  
  16  0:53  Assimilator  
  16  0:55  Probe (Chrono Boost)  
  17  1:07  Gateway  
  17  1:09  Probe (Chrono Boost)  
  18  1:26  Probe (Chrono Boost)  
  18  1:32  Cybernetics Core  
  19  1:34  Zealot  
  19  1:38  Probe (Chrono Boost)  
  22  1:47  Pylon  
  22  1:50  Probe (Chrono Boost)  
  23  2:13  Robotics Facility  
  23  2:16  Stargate  
  23  2:22  Probe (Chrono Boost)  
  24  2:26  Adept  
  26  2:33  Adept  
  28  2:52  Pylon  
  28  2:54  Pylon  
  28  2:56  Warp Gate  
  28  3:01  Oracle  
  31  3:27  Warp Prism  
  31  3:29  Stalker  
  31  3:31  Stalker  
  35  4:07  Probe (Chrono Boost)  
  32  4:34  Immortal  
  32  4:35  Gateway  
  32  4:36  Gateway  
  36  4:56  Mothership Core (Chrono Boost)  
  38  5:15  Stalker x2  
  32  5:37  Immortal  
  32  5:38  Void Ray  
  40  5:54  Stalker  
  40  5:55  Stalker  
  40  5:56  Nexus  
  44  6:05  Pylon  
  44  6:11  Forge  
  44  6:28  Warp Prism  
  46  6:36  Probe (Chrono Boost)  
  47  6:40  Assimilator  
  47  6:46  Probe (Chrono Boost)  
  48  6:55  Photon Cannon  
  48  7:27  Warp Prism  
  50  7:30  Protoss Ground Weapons Level 1  
  47  8:03  Zealot x4  
  39  8:40  Probe (Chrono Boost)  
  38  8:42  Probe (Chrono Boost)  
  38  8:44  Stalker x2  
  38  8:45  Stalker x2  
  47  8:49  Void Ray  
  47  8:50  Probe (Chrono Boost)  
  47  8:53  Probe (Chrono Boost)  
  47  8:54  Observer  
  54  9:01  Probe (Chrono Boost)  
  55  9:09  Stalker  
  57  9:11  Adept  
  57  9:12  Adept x2  
  41  10:08  Void Ray, Probe (Chrono Boost)  
  41  10:10  Stalker x3  
  41  10:11  Stalker  
  50  10:16  Stargate  
  50  10:17  Probe (Chrono Boost)  
  50  10:18  Pylon, Probe (Chrono Boost)  
  52  10:28  Probe (Chrono Boost)  
  53  10:29  Probe (Chrono Boost)  
  54  10:38  Photon Cannon  
  54  10:45  Assimilator  
  54  10:50  Robotics Facility  
  54  10:52  Pylon  
  54  10:54  Stalker  
  54  10:57  Stalker  
  58  11:01  Protoss Ground Armor Level 1  
  58  11:11  Warp Prism  
  48  11:44  Void Ray  
  48  11:46  Stalker  
  54  11:48  Void Ray  
  54  11:50  Immortal  
  62  12:31  Void Ray  
  62  12:35  Zealot x4  
  62  12:57  Adept x3  
  62  12:58  Adept  
Show
View Real Time Build Order
Export as new Build Order

DarkKnight Protoss 

Build Orders: Nexus First, Oracle Opening 

Get SALT Encoding   

  12  0:04  Probe (Chrono Boost)  
  14  0:14  Probe (Chrono Boost)  
  14  0:25  Probe (Chrono Boost)  
  15  0:54  Nexus  
  15  1:02  Pylon  
  15  1:20  Probe (Chrono Boost)  
  15  1:22  Gateway  
  15  1:25  Assimilator  
  16  1:27  Assimilator  
  16  1:31  Probe (Chrono Boost)  
  17  1:41  Probe (Chrono Boost)  
  18  1:52  Probe (Chrono Boost)  
  19  2:02  Probe (Chrono Boost)  
  20  2:13  Cybernetics Core  
  20  2:16  Gateway  
  20  2:17  Probe (Chrono Boost)  
  20  2:21  Probe (Chrono Boost)  
  22  2:27  Probe (Chrono Boost)  
  23  2:31  Probe (Chrono Boost)  
  24  2:38  Probe (Chrono Boost)  
  25  2:51  Warp Gate (Chrono Boost)  
  25  2:52  Stargate  
  25  2:55  Probe  
  25  2:58  Pylon, Probe  
  27  3:08  Mothership Core  
  27  3:09  Stalker  
  31  3:18  Stalker  
  27  3:39  Oracle  
  29  3:46  Probe  
  30  3:58  Probe  
  31  4:09  Probe  
  31  4:10  Probe  
  31  4:19  Probe  
  31  4:22  Probe  
  24  4:25  Phoenix (Chrono Boost)  
  24  4:30  Probe  
  22  4:34  Probe  
  23  4:40  Probe  
  24  4:46  Probe  
  24  4:51  Probe  
  26  4:58  Probe  
  27  5:01  Probe  
  26  5:11  Probe  
  24  5:23  Probe  
  23  5:35  Probe  
  24  5:47  Mothership Core  
  26  5:50  Probe  
  26  5:53  Assimilator  
  26  5:56  Assimilator  
  27  6:00  Probe  
  27  6:08  Probe  
  27  6:11  Probe  
  28  6:18  Pylon  
  29  6:20  Probe, Gateway  
  29  6:21  Probe  
  29  6:22  Gateway  
  31  6:27  Pylon  
  31  6:32  Probe x2  
  33  6:42  Probe  
  33  6:43  Twilight Council  
  33  6:45  Probe  
  35  6:53  Probe  
  35  6:56  Zealot x2  
  35  6:57  Probe  
  41  7:03  Probe  
  42  7:09  Probe  
  42  7:14  Probe  
  43  7:21  Probe  
  45  7:33  Probe  
  45  7:44  Zealot  
  45  7:45  Zealot x3  
  49  8:11  Pylon x2  
  47  8:13  Zealot  
  47  8:14  Zealot x3  
  55  8:30  Charge (Chrono Boost)  
  55  8:32  Probe  
  56  8:36  Zealot x4  
  64  8:45  Probe  
  65  8:49  Phoenix (Chrono Boost)  
  67  8:57  Probe  
  68  9:08  Zealot x3  
  68  9:09  Probe, Zealot  
  77  9:13  Pylon  
  77  9:17  Pylon  
  77  9:18  Pylon  
  77  9:20  Pylon  
  77  9:21  Probe  
  78  9:31  Phoenix  
  80  9:42  Stalker x4  
  88  10:06  Stalker x4  
  94  10:45  Zealot  
  94  10:46  Zealot x3  
  102  10:51  Pylon  
  102  11:03  Templar Archives  
  102  11:06  Robotics Facility  
  102  11:11  Zealot x3  
  104  11:12  Zealot  
  55  11:46  Stalker x4  
Show
View Real Time Build Order
Export as new Build Order

Ertazul Terran 

Build Orders: Command Center First (CC) 

Get SALT Encoding   

  12  0:00  SCV  
  13  0:13  SCV  
  14  0:25  SCV  
  15  0:34  Supply Depot  
  15  1:00  Command Center  
  15  1:22  SCV  
  16  1:27  Barracks  
  16  1:33  Refinery x2  
  16  1:34  SCV  
  17  1:47  SCV  
  18  1:48  Supply Depot  
  18  1:54  Engineering Bay  
  18  2:03  SCV  
  19  2:15  SCV  
  20  2:26  SCV  
  20  2:28  SCV  
  22  2:38  SCV  
  22  2:41  Barracks Tech Lab  
  23  2:47  Missile Turret  
  23  2:50  SCV  
  24  3:01  Factory  
  24  3:02  SCV  
  24  3:04  Marauder  
  26  3:14  SCV  
  27  3:25  Marine  
  27  3:27  SCV  
  28  3:39  SCV  
  29  3:43  Marine  
  28  3:51  SCV  
  29  4:03  SCV  
  29  4:09  SCV  
  31  4:11  Marauder  
  31  4:15  SCV  
  33  4:21  SCV  
  34  4:27  SCV  
  35  4:32  Marauder  
  37  4:39  SCV  
  38  4:49  Missile Turret  
  38  5:06  Barracks  
  38  5:09  SCV  
  39  5:22  SCV  
  40  5:33  Marauder  
  42  5:38  SCV  
  42  5:39  SCV  
  42  5:41  Refinery  
  42  5:42  Refinery  
  44  5:43  Missile Turret  
  44  5:46  Missile Turret  
  44  5:50  SCV  
  44  5:51  SCV  
  44  5:56  Missile Turret  
  46  6:03  Barracks Reactor  
  46  6:06  Starport  
  46  6:07  Factory Tech Lab  
  46  6:14  Supply Depot  
  46  6:21  Supply Depot  
  46  6:35  SCV  
  46  6:36  Marauder, Supply Depot  
  49  6:43  Marine x2  
  49  6:44  Supply Depot, Starport Reactor  
  51  6:48  SCV  
  52  7:00  SCV  
  53  7:02  Marauder  
  53  7:03  Marine x2  
  53  7:07  Stimpack  
  57  7:23  Missile Turret  
  57  7:24  Marauder  
  57  7:27  Marine x2  
  57  7:29  Medivac x2  
  65  7:45  Marauder  
  65  7:46  Barracks x2  
  65  7:47  Barracks  
  67  7:59  Medivac x2  
  67  8:00  Marine x2  
  67  8:03  Terran Infantry Weapons Level 1  
  72  8:11  Planetary Fortress  
  63  8:45  Missile Turret x2  
  63  8:51  Supply Depot x3  
  63  8:53  Supply Depot  
  63  9:04  Missile Turret  
  63  9:07  Barracks Reactor x2  
  63  9:12  Marine x2, SCV x2  
  63  9:14  Supply Depot  
  63  9:15  Barracks Tech Lab  
  67  9:24  SCV x2  
  67  9:30  Marine x2  
  71  9:36  SCV x2  
  71  9:37  Supply Depot  
  73  9:48  SCV x2  
  74  9:59  Supply Depot  
  74  10:01  SCV  
  75  10:15  Marine  
  75  10:16  Marine x6  
  75  10:17  Marauder  
  75  10:20  Medivac  
  86  10:21  Supply Depot  
  86  10:22  Medivac  
  88  10:28  Refinery  
  88  10:33  Marine x3  
  88  10:34  Marine x3  
  88  10:35  Marauder  
  96  10:39  Marauder  
  98  10:45  Terran Infantry Armor Level 1  
  98  10:50  Armory  
  98  10:51  Missile Turret, Marine  
  98  10:56  Marauder  
  101  11:00  Marauder  
  101  11:03  Marine x4  
  107  11:12  Missile Turret  
  107  11:18  Marauder  
  72  12:01  Marauder  
  72  12:02  Marauder  
  72  12:05  Marine x2  
  72  12:06  Marine x4  
  72  12:08  Medivac x2  
  84  12:22  Marauder  
  84  12:23  Marauder, Marine x6  
  86  12:38  Medivac x2  
  86  12:41  Marine x4  
  86  12:44  Marauder  
  93  12:45  Marauder  
Tags
 
Add a new tag
Caveats
  • Supply blocks, unpowered buildings, or Contaminate may cause inaccurate times.
  • Supply counts are checked every 10 seconds.